Cogmind - Beta 15 *** ADVENTURER MODE // 2025.09.05 @ 20:42:44 Player: Knightshade Result: Destroyed by CC-C0O(R) with Subdweller Machine Gun Performance ------------- Evolutions (0) 0 Regions Visited (2) 400 Robots Destroyed (44) 220 Value Destroyed (1049) 1049 Prototype IDs (5) 100 Alien Tech Used (0) 0 Bonus (0) 0 TOTAL SCORE: 1769 Bonus ------- None Cogmind --------- Core Integrity 0/250 Matter 126/300 Energy 200/200 System Corruption 0% Temperature Cool (0) Movement Walking (400) Ox4 Location -10/Subcaves Parts ------- > --- POWER (1) -------- Subdweller Power Source > --- PROPULSION (2) --- Aluminum Leg Aluminum Leg > --- UTILITY (2) ------ Huge Storage Unit Core Shielding > --- WEAPON (2) ------- Light Cannon Light Cannon > --- INVENTORY (25) --- Ion Engine Wheel Improved Heat Sink Small Storage Unit Medium Storage Unit Large Matter Pod (150) Large Matter Pod (150) Large Matter Pod (0) Structural Scanner Terrain Scan Processor Seismic Detector Targeting Computer Targeting Computer Targeting Computer ECM Suite Core Shielding Riot Gun Medium Laser Subdweller Laser Subdweller Laser Subdweller Beam Cannon Battle Rifle Subdweller Machine Gun Subdweller Machine Gun Grenade Launcher Peak State ------------ > --- POWER ------------ Ion Engine > --- PROPULSION ------- Wheel Subdweller Monowheel > --- UTILITY ---------- Huge Storage Unit Core Shielding > --- WEAPON ----------- Riot Gun Subdweller Laser > --- INVENTORY -------- Ion Engine Aluminum Leg Aluminum Leg Improved Heat Sink Small Storage Unit Medium Storage Unit Large Matter Pod Large Matter Pod Large Matter Pod Structural Scanner Terrain Scan Processor Seismic Detector Targeting Computer Targeting Computer Targeting Computer ECM Suite Core Shielding Medium Laser Assault Rifle Battle Rifle Subdweller Machine Gun Light Cannon Light Cannon Light Cannon Grenade Launcher [Rating: 14] Favorites ----------- Power Ion Engine Engine Ion Engine Propulsion Wheel Leg Aluminum Leg Wheel Wheel Utility Huge Storage Unit Device Seismic Detector Storage Huge Storage Unit Protection Core Shielding Weapon Light Cannon Energy Gun Medium Laser Ballistic Gun Assault Rifle Ballistic Cannon Light Cannon Build | -11 -10 -10 ------- Run | Yrd Mat Sub Slots Evolved . | . . . Power . | . . . Propulsion . | . . . Utility . | . . . Weapon . | . . . Parts Attached 25 | 7 7 11 Power 3 | 1 1 1 Engine 3 | 1 1 1 Core . | . . . Reactor . | . . . Propulsion 8 | 2 2 4 Treads . | . . . Leg 2 | 2 . . Wheel 6 | . 2 4 Hover . | . . . Flight . | . . . Utility 5 | 2 2 1 Device 2 | 1 1 . Storage 2 | 1 1 . Processor . | . . . Hackware . | . . . Protection 1 | . . 1 Artifact . | . . . Weapon 9 | 2 2 5 Energy Gun 3 | 1 . 2 Energy Cannon . | . . . Ballistic Gun 2 | 1 . 1 Ballistic Cannon 4 | . 2 2 Launcher . | . . . Special Weapon . | . . . Impact Weapon . | . . . Slashing Weapon . | . . . Piercing Weapon . | . . . Special Melee Weapon . | . . . Unidentified Prototypes . | . . . Parts Lost 8 | . 1 7 Power 1 | . . 1 Propulsion 4 | . . 4 Utility 1 | . 1 . Weapon 2 | . . 2 Highest Loss Streak 2 | . 1 2 To Critical Strikes . | . . . Average Backups 18 | . 14 24 Power . | . . 1 Propulsion 1 | . 2 1 Utility 11 | . 9 14 Weapon 4 | . 3 7 Tool/Special . | . . . Unused Backups 20 | . 1 19 Power 1 | . . 1 Propulsion . | . . . Utility 14 | . 1 13 Weapon 5 | . . 5 Tool/Special . | . . . Average Slot Usage (%) 96 | . 99 93 Engine 12 | . 14 10 Leg 9 | . 8 10 Wheel 17 | . 19 14 Device 7 | . 13 . Storage 14 | . 14 14 Protection 6 | . . 14 Energy Gun 4 | . 7 1 Ballistic Gun 4 | . 7 . Ballistic Cannon 18 | . 12 26 Peak Build Rating 14 | 7 9 14 Average Rating 8 | 5 8 9 On Entrance 5 | . 7 9 Naked Turns . | . . . Heaviest Build 93 | 13 92 93 Greatest Support 30 | 20 20 30 Greatest Overweight (x) 30 | 1 4 30 Average Overweight (x) 3 | . 2 4 Largest Inventory Capacity 25 | 8 25 25 Average Capacity 21 | 7 19 25 Most Carried 25 | 2 23 25 Average Carried 18 | . 14 24 Final Capacity 25 | 8 25 25 Final Carried 25 | 2 23 25 Class Distribution -------------------- 100% | Mutant Dominant Class ---------------- Mutant | -10/Materials Mutant | -10/Subcaves Resources | -11 -10 -10 ----------- Run | Yrd Mat Sub Matter Collected 1834 | 288 1008 538 Remotely . | . . . Salvage Created 1280 | 101 923 256 Parts 74 | 3 49 22 Haulers Intercepted 2 | . 2 . Recyclers Shooed 1 | . 1 . Parts Field Recycled . | . . . Retrieved Matter . | . . . Parts Self-Destructed 16 | . . 16 Prevented . | . . . Kills | -11 -10 -10 ------- Run | Yrd Mat Sub Combat Hostiles Destroyed 33 | . 18 15 Guns 8 | . 8 . Cannons 25 | . 10 15 Classes Destroyed 10 | 2 6 2 Worker 1 | . 1 . Builder 1 | . 1 . Tunneler 1 | 1 . . Hauler 2 | . 2 . Recycler 3 | 1 2 . Watcher 3 | . 3 . Swarmer 10 | . 3 7 Grunt 15 | . 15 . Artisan 2 | . . 2 Subdweller 8 | . . 8 Best Kill Streak 5 | 2 5 3 Combat Bots Only 5 | . 5 3 Max Kills in Single Turn 2 | 1 2 1 Gunslinging 1 | . 1 . Exploded . | . . . Melee . | . . . Uniques/NPCs Destroyed . | . . . Combat | -11 -10 -10 -------- Run | Yrd Mat Sub Hostile Shots Fired 174 | . 62 112 Missed 51 | . 12 39 Hits 123 | . 50 73 Projectile 123 | . 50 73 Critical Strikes 3 | . . 3 Actively Blocked 1 | . . 1 Damage Taken 1308 | . 439 869 Core 253 | . 101 152 Absorbed by Shields . | . . . Redirected to Shielding 30 | . . 30 Ignored by Resistances 382 | . 133 249 Core Remaining (%) 100 | 100 . . Volleys Fired 148 | 7 71 70 Largest 2 | 2 2 2 Hottest 110 | 70 70 110 Shots Fired 293 | 13 141 139 Gun 113 | 13 89 11 Cannon 180 | . 52 128 Launcher . | . . . Special . | . . . Kinetic 236 | 6 97 133 Thermal 55 | 7 44 4 Explosive . | . . . Electromagnetic 2 | . . 2 Robot Hit Streak 20 | 10 16 20 Robot Miss Streak 4 | 2 4 2 Penetration Max . | . . . Secondary Targets 2 | . 2 . Max Gunslinging Chain 1 | . 1 . Shots Hit Robots 210 | 10 100 100 Core Hits 67 | 3 38 26 Critical Kills . | . . . Critical Parts Destroyed . | . . . Critical Strikes 7 | . 3 4 Burn 1 | . 1 . Blast 6 | . 2 4 Melee Attacks . | . . . Impact . | . . . Slashing . | . . . Piercing . | . . . Sneak Attacks . | . . . Combat Hostiles . | . . . Follow-up Attacks . | . . . Damage Inflicted 2925 | 123 1391 1411 Guns 901 | 123 735 43 Cannons 2024 | . 656 1368 Explosions . | . . . Melee . | . . . Ramming . | . . . Kinetic 2464 | 60 1018 1386 Thermal 448 | 63 373 12 Explosive . | . . . Electromagnetic 13 | . . 13 Impact . | . . . Slashing . | . . . Piercing . | . . . Highest Corruption . | . . . Average Corruption . | . . . Corruption Purged . | . . . Corruption Blocked . | . . . Overload Shots . | . . . Overflow Damage 30 | . 13 17 Projectiles 30 | . 13 17 Explosions . | . . . Melee . | . . . Knockbacks 25 | . 11 14 Impact . | . . . Kinetic 22 | . 9 13 Secondary 3 | . 2 1 Self-Inflicted Damage . | . . . Shots . | . . . Rammed . | . . . Targets Rammed . | . . . Kicked . | . . . Crushed . | . . . Highest Temperature 114 | 27 114 . Average Temperature 25 | 11 26 . Received Heat Transfer 477 | . 291 186 Siege Activations . | . . . Martial Activations . | . . . Shielding Activations . | . . . Robots Disrupted . | . . . Combat Hostiles . | . . . Robots Corrupted . | . . . Combat Hostiles . | . . . Parts Fried . | . . . Impact Corruptions . | . . . Robots Melted . | . . . Combat Hostiles . | . . . Parts Melted 2 | . 2 . Heat Transferred 1406 | 185 1184 37 Parts Sabotaged . | . . . Parts Stolen . | . . . Parts Stripped . | . . . Power Chain Reactions . | . . . Alert | -11 -10 -10 ------- Run | Yrd Mat Sub Maximum Alert Level . | . . . Low Security (%) 100 | 100 100 . Level 1 . | . . . Level 2 . | . . . Level 3 . | . . . Level 4 . | . . . Level 5 . | . . . High Security . | . . . Max Security . | . . . Peak Influence 156 | 5 156 . Initial . | . . . Average 26 | . 28 . Influence Increases 902 | 10 622 270 Destroy 0b10 Robot/C 500 | . 360 140 Destroy 0b10 Robot/NC 55 | 10 45 . Destroy Leader 90 | . 80 10 Successful Hack 33 | . 33 . Select Force Hacks 60 | . 60 . Disable Machine 9 | . 9 . Destroy Structure 5 | . 5 . Lose Combat Pursuer 150 | . 30 120 Influence Decreases 902 | 10 622 270 Time Decay 862 | 10 612 240 Lost Part 40 | . 10 30 Squads Dispatched 5 | . 5 . Investigation 5 | . 5 . Extermination . | . . . Reinforcement . | . . . Assault . | . . . Garrison . | . . . Intercept . | . . . Searches Triggered . | . . . Construction Impeded . | . . . Haulers Reinforced . | . . . Active Scanning Responses . | . . . Cargo Convoy Interrupts . | . . . Stealth | -11 -10 -10 --------- Run | Yrd Mat Sub Distress Signals 3 | . 3 . Communications Jammed . | . . . Distress Signals . | . . . Times Spotted 49 | . 30 19 Peak Tracking Total 6 | . 6 4 Tactical Retreats 5 | . 2 3 Traps | -11 -10 -10 ------- Run | Yrd Mat Sub Traps Triggered 3 | . 3 . Indirectly . | . . . Trap Hack Attempts . | . . . Triggered . | . . . Disarmed . | . . . Reprogrammed . | . . . Reused . | . . . Traps Extracted . | . . . Installed . | . . . Triggered . | . . . Machines | -11 -10 -10 ---------- Run | Yrd Mat Sub Machines Disabled 1 | . 1 . Max in Single Turn 1 | . 1 . Machines Repaired . | . . . Machines Dismantled . | . . . Machines Sabotaged . | . . . Overloaded Fab Kills . | . . . Hacking | -11 -10 -10 --------- Run | Yrd Mat Sub Machines Accessed 11 | . 10 1 Terminals 8 | . 8 . Fabricators . | . . . Repair Stations . | . . . Recycling Units 2 | . 2 . Scanalyzers . | . . . Garrison Access . | . . . Total Hacks 45 | . 41 4 Successful 31 | . 27 4 Failed 13 | . 13 . Catastrophic . | . . . Database Lockouts 1 | . 1 . Manual 35 | . 35 . Terminals 36 | . 36 . Fabricators . | . . . Repair Stations . | . . . Recycling Units 5 | . 5 . Scanalyzers . | . . . Garrison Access . | . . . Terminal Hacks 13 | . 9 4 Record 4 | . . 4 Prototype ID Bank 4 | . 4 . Branch Access Points 1 | . 1 . Terminal Index 1 | . 1 . Transport Status 1 | . 1 . Registered Components 1 | . 1 . Registered Prototypes 1 | . 1 . Fabricator Hacks . | . . . Repair Station Hacks . | . . . Recycling Unit Hacks 3 | . 3 . Report Inventory 2 | . 2 . Retrieve Components 1 | . 1 . Scanalyzer . | . . . Garrison Access Hacks . | . . . Unauthorized Hacks 15 | . 15 . Terminals 13 | . 13 . Track 1 | . 1 . Botnet 7 | . 7 . Skim 5 | . 5 . Fabricators . | . . . Repair Stations . | . . . Recycling Units 2 | . 2 . Tunnel 2 | . 2 . Scanalyzers . | . . . Garrison Access . | . . . Data Cores Recovered . | . . . Used . | . . . Hacking Detections 9 | . 9 . Full Trace Events . | . . . Feedback Events . | . . . Feedback Blocked . | . . . Robot Schematics Acquired . | . . . Robots Built . | . . . Authchips . | . . . Time . | . . . Total Robot Build Rating . | . . . Part Schematics Acquired . | . . . Parts Built . | . . . Authchips . | . . . Time . | . . . Total Part Build Rating . | . . . Parts Repaired . | . . . Time . | . . . Parts Recycled . | . . . Recycled Matter . | . . . Retrieved Matter . | . . . Retrieved Components 7 | . 7 . Parts Scanalyzed . | . . . Part Schematics Acquired . | . . . Parts Damaged . | . . . Bothacking | -11 -10 -10 ------------ Run | Yrd Mat Sub Used RIF Installer . | . . . Robots Hacked . | . . . Non-combat . | . . . Combat . | . . . Robot Hacks Applied . | . . . Relay Couplers Released . | . . . Fabnet Peak Effective % . | . . . Robots Rewired . | . . . Allies Hacked . | . . . Hacks Repelled . | . . . Allies | -11 -10 -10 -------- Run | Yrd Mat Sub Total Allies . | . . . Largest Group . | . . . Highest-Rated Group . | . . . Highest-Rated Ally . | . . . Total Orders . | . . . Ally Attacks . | . . . Total Damage . | . . . Kills . | . . . Allies Corrupted . | . . . Allies Melted . | . . . Intel | -11 -10 -10 ------- Run | Yrd Mat Sub Active Infowar (turns) 2349 | 77 2272 . Seismic 2349 | 77 2272 . Robot Analysis Total . | . . . Derelict Logs Recovered 1 | . . 1 Drone Launches . | . . . Drone Recoveries . | . . . Exploration | -11 -10 -10 ------------- Run | Yrd Mat Sub Turns Passed 4439 | 184 2324 1931 Spaces Moved 2139 | 103 1274 762 Core 7 | 2 . 5 Treads . | . . . Legs 665 | 101 405 159 Wheels 1467 | . 869 598 Hover . | . . . Flight . | . . . Fastest Speed 50 | 50 120 131 Average Speed 160 | 121 133 209 Slowest Speed 1550 | 190 140 1550 Overloaded Moves . | . . . Propulsion Burnouts . | . . . Robots Hopped . | . . . Potential Cave-ins . | . . . Cave-ins Triggered . | . . . Exploration Rate (%) 51 | 4 99 51 Regions Visited 2 Branch Regions 1 Pre-discovered Areas 6 | . 5 1 Known Exits Taken . | . . . Unknown Exits Taken 2 | 1 1 . Scrap Searched 3 | . . 3 Spaces Dug . | . . . Terrain Destroyed . | . . . Melee . | . . . Projectile . | . . . AOE . | . . . Terrain Rammed . | . . . Walls Destroyed . | . . . Machines Disabled . | . . . Actions | -11 -10 -10 --------- Run | Yrd Mat Sub Total 2846 | 145 1753 948 Wait 486 | 27 376 83 Move 2137 | 102 1273 762 Hop . | . . . Pick Up 33 | 2 23 8 Fast Attach 11 | 7 1 3 Attach 4 | . . 4 Detach . | . . . Swap 21 | . 6 15 Drop 6 | . 3 3 Fire 148 | 7 71 70 Melee . | . . . Ram . | . . . Kick . | . . . Crush . | . . . Escape Stasis . | . . . Rewire . | . . . Trap . | . . . Miscellaneous . | . . . Route ------- -11/Scrapyard -10/Materials (discovered 6 exits: *Mat x3 / *Min x2 / *Sub) -10/Subcaves (discovered 3 exits: Mat x2 / [*Scr]) History --------- Turn | Location | Event 22 | -11/Scrapyard | Discovered new exit (range 16) 185 | -11/Scrapyard | Entered Materials 186 | -10/Materials | Met a group of wandering Federalists 284 | -10/Materials | Discovered new exit (range 16) 300 | -10/Materials | Build established: Mutant 457 | -10/Materials | Discovered new exit (range 7) 949 | -10/Materials | Discovered new exit (range 4) 1068 | -10/Materials | Identified exit to Mines 1785 | -10/Materials | Discovered new exit (range 8) 2099 | -10/Materials | Learned location of Mines (-10) 2117 | -10/Materials | Learned 2 Mines zone layouts 2123 | -10/Materials | Learned location of 2 exits from Mines 2124 | -10/Materials | Identified exit to Materials 2125 | -10/Materials | Learned location of Mines (-9) 2126 | -10/Materials | Learned location of Subcaves (-10) 2127 | -10/Materials | Learned location of 2 exits from Subcaves 2213 | -10/Materials | Central database locked down 2509 | -10/Materials | Entered Subcaves 2510 | -10/Subcaves | Continued accompanying wandering Federalists (4) 2510 | -10/Subcaves | Approached by a straggling Scientist 2510 | -10/Subcaves | Identified exit to Materials 2514 | -10/Subcaves | Shifting Twisted Machinery released Battle Rifle 2557 | -10/Subcaves | Shifting Twisted Machinery released Sub. Monowheel 2680 | -10/Subcaves | Shifting Twisted Machinery released Shrapnel Trap 2709 | -10/Subcaves | Wandering Federalist uncovered a shortcut to Scraptown 3000 | -10/Subcaves | Core integrity fell below 50% 3098 | -10/Subcaves | Learned Materials emergency access door positions 3144 | -10/Subcaves | Disturbed a concealed Subdweller 3416 | -10/Subcaves | Ambushed by angry Subdweller bent on revenge 3528 | -10/Subcaves | Core integrity fell below 20% 3584 | -10/Subcaves | Visited Clippyterm 3591 | -10/Subcaves | Learned location of Section 7 (-3) 4141 | -10/Subcaves | A swath of the cavern ceiling suddenly collapsed 4440 | -10/Subcaves | Destroyed by CC-C0O(R) with Subdweller Machine Gun Last Messages --------------- 03791_ Acquired 11 matter. 03795_ Acquired 1 matter. 03799_ Acquired 6 matter. 03811_ Acquired 11 matter. 03827_ Searching scrap... 03827_ Found Sub. Beam Cannon. 03827_ Found Sub. Laser. 03827_ Found 52 Matter. 03828_ Acquired 52 matter. 03835_ Acquired Sub. Beam Cannon. 03844_ Acquired Sub. Laser. 04097_ IT-CJ6(R) knocked back. 04103_ IT-CJ6(R) Sub. Optics blasted off. 04103_ IT-CJ6(R) destroyed. 04109_ 2R-YQF(R) destroyed. 04112_ Acquired 37 matter. 04120_ Acquired 1 matter. 04141_ 4 Matter crushed. A swath of the cavern ceiling suddenly collapses. 04186_ Acquired Sub. Power Source. Map ----- +----------------------------------------------------+ | ?????????????????????????????????????????????????? | | ?????????????????????????????????????????????????? | | ?????????????????????????????????????????????????? | | ?????????????????????????????????????????????????? | | ?????????????????????????????????????????????????? | | ?????????????????????????????????????????????????? | | ?????????????????????????????????????????????????? | | ?????????????????????????????????????????????????? | | ?????????????????????????????????????????????????? | | ?????????????????????????????????????????????????? | | ??????????????????????????R??????????????????????? | | ?????????????????????????? ??????????????????????? | | ?????????????????????????? ??????????????????????? | | ?????????????????????? ### ??????????????????????? | | ??????????????????????? ??????????????????????? | | ??????????????????????? ??????????????????????? | | ??????????????????????? ??????????????????????? | | ??????????????????????? ??????????????????????? | | ???????????????? ??????# ??????????????????????? | | ?????????????? #???# ??????????????????????? | | ?????????????? #?? ??????????????????????? | | ????????????? ??# #??????????????????????? | | ????????????? ??? ##?????????????????????? | | ?????????????? ?? ##????????????????????? | | ????????????????# ??# #????????????????????? | | ????????????????# ###@ #????????????????????? | | ???????????????????# #????????????????????? | | ???????????????????## #????????????????????? | | ????????????????????## #????????????????????? | | ?????????????????????## ##????????????????????? | | ??????????????????????# !##?????????????????????? | | ????????????????####?## #??????????????????????? | | ????????????????# ## #??????????????????????? | | ????????????????# #??????????????????????? | | ????????????????## ##??????????????????????? | | ????????????###### ##???????????????????????? | | ????????????# #????????????????????????? | | ????????????# #????????????????????????? | | ????????????#### ####????????????????????????? | | ????????????###### ##??????????????????????????? | | ???????????## #?## #??????????????? ??????????? | | ???????????# ### ##??????????????? ??????????? | | ???????????# #??????????????? ??????????? | | ???????????## #??????????????? ??????????? | | ????????????## ##?????##?#?????? ??????????? | | ????????????## #?????##"#"??????#####??????? | | ????????????# ##?#####"""??????#"# ##?????? | | ????????????## ## "# ""########"# ##????? | | ????????????## ""###""## #""#"#" ##???? | | ????????????# ###"#"#"###""""#" ##??? | +----------------------------------------------------+ Best States ------------- Heat Dissipation 25 Energy Generation 15 Energy Capacity 250 Matter Stores 300 Matter Capacity 300 Sight Range 16 Terrain Scan Density 10 Resistance: KI 20 Resistance: TH 20 Resistance: EX 20 Resistance: EM 20 Resistance: I 20 Resistance: S 20 Resistance: P 20 Core Shielding 20 Evasion (%) 55 Offensive Hacking 10 Item Schematics ----------------- None Robot Schematics ------------------ None Fabricated ------------ Nothing Repaired ---------- Nothing Alien Tech Used ----------------- None Achievements -------------- None Challenges ------------ None Game ------ Seed WaveNanofilamentsThrower Manual? 0 Play Time 00:50:08 Cumulative 128.7 hours Start 2025.09.05 @ 11:28:41 End 2025.09.05 @ 20:42:44 Sessions 1 Manual Loads 0 Difficulty Adventurer Special Mode None Game No. 89 Rogue 0 Adventurer 89 Explorer 0 Win Type - Total 0 Types 0/0/0/0/0/0/0/0/0/0 Lore% 33 Gallery% 45 Achievement% 39 Wizard Run 0 Options --------- Layout 0 ASCII 0 Keyboard 0 Movement Mouse Keybinds 0 Fullscreen 1 Font 18/SmallcapsGlow Map View 76x50 Zoom Use 0% Tactical HUD 1 Map Filters NONE Filters NONE Steam 1 RUN: e737b053-057a-423c-ab4b-68bc11876f9d